 Dungeon Crawl Stone Soup version 0.30.0-29-ga12c61a403 (webtiles) character file.

Game seed: 17033178105708792578

30 DemonSlayer the Digger (level 3, 0/24 HPs)
             Began as a Demonspawn Earth Elementalist on June 4, 2023.
             Succumbed to an adder's poison
             ... on level 2 of the Dungeon.
             The game lasted 00:01:50 (689 turns).

DemonSlayer the Digger (DsEE)                        Turns: 689, Time: 00:01:50

Health: 0/24       AC:  2    Str:  8    XL:     3   Next: 3%
Magic:  2/6        EV: 12    Int: 16    God:
Gold:   59         SH:  0    Dex: 15    Spells: 4/7 levels left

rFire   . . .        e - +0 dagger (elec)
rCold   . . .        (no shield)
rNeg    . . .        a - +0 robe
rPois   .            (no helmet)
rElec   .            (no cloak)
rCorr   .            (no gloves)
SInv    .            (no boots)
Will    .....        (no amulet)
Stlth   ++           (no ring)
HPRegen 0.24/turn    (no ring)
MPRegen 0.10/turn

%: no passive effects
@: lethally poisoned (0 -> -8), about to teleport
A: spiny 1
a: no special abilities


You were on level 2 of the Dungeon.
You visited 1 branch of the dungeon, and saw 2 of its levels.

You collected 59 gold pieces.

Inventory:

Hand Weapons
 e - a +0 dagger of electrocution (weapon)
Armour
 a - a +0 robe (worn)
Scrolls
 c - a scroll of vulnerability
 f - a scroll of identify
Potions
 b - a potion of magic
 d - a potion of attraction


   Skills:
 + Level 2.0 Dodging
 + Level 2.0 Stealth
 + Level 2.5 Spellcasting
 + Level 0.8 Transmutations
 + Level 3.2 Earth Magic


You had 4 spell levels left.
You knew the following spells:

 Your Spells              Type           Power      Damage    Failure   Level
a - Sandblast             Erth           24%        2d8       5%          1
b - Passwall              Tmut/Erth      6%         N/A       13%         2

Your spell library contained the following spells:

 Spells                   Type           Power      Damage    Failure   Level
 Freeze                   Ice            8%         1d3       21%         1
 Magic Dart               Conj           8%         1d3       21%         1
 Wereblood                Tmut           4%         N/A       22%         2
 Call Imp                 Summ           4%         N/A       30%         2
 Sublimation of Blood     Necr           2%         N/A       30%         2
 Stone Arrow              Conj/Erth      14%        3d7       30%         3
 Frozen Ramparts          Ice            4%         1d1       52%         3
 Hailstorm                Conj/Ice       2%         3d3       52%         3
 Mephitic Cloud           Conj/Pois/Air  2%         N/A       52%         3
 Petrify                  Tmut/Erth      8%         N/A       63%         4
 Summon Hydra             Summ           1%         N/A       100%        7


Dungeon Overview and Level Annotations

Branches:
Dungeon (2/15)

Altars:


Innate Abilities, Weirdness & Mutations

You are partially covered in sharp spines.


Message History

The hobgoblin shouts!
The adder hisses angrily.
A gnoll comes into view. It is wielding a +0 halberd.
Found a scroll of teleportation.
The hobgoblin hits you but does no damage.
The gnoll shouts!
You hit the hobgoblin.
The hobgoblin is moderately wounded.
The hobgoblin hits you but does no damage.
The gnoll misses you.
You hit the hobgoblin but do no damage.
The hobgoblin is moderately wounded.
The adder bites you. The hobgoblin closely misses you.
The gnoll barely misses you.
The blast of sand hits the hobgoblin.
You kill the hobgoblin!
The adder bites you. The gnoll barely misses you. The adder closely misses you.
The blast of sand hits the adder but does no damage.
The adder bites you. The gnoll barely misses you. The adder closely misses you.
The gnoll misses you.
The blast of sand misses the adder.
The adder bites you but does no damage. The gnoll barely misses you.
The adder bites you.
You are poisoned.
The adder poisons you!
The blast of sand hits the adder.
The adder is moderately wounded.
You feel very sick.
The gnoll hits you from afar with a +0 halberd.
The adder bites you.
You are lethally poisoned!
The adder poisons you!
The gnoll hits you from afar with a +0 halberd.
* * * LOW HITPOINT WARNING * * *
* * * LOW HITPOINT WARNING * * *
You feel very sick. The adder bites you but does no damage.
Unknown command.
Okay, then.
As you read the scroll of teleportation, it crumbles to dust.
You feel strangely unstable.
You die...

... .# ######### #.# .
.......# #.# #. #.#.##.#
#.# .###.##.#.##.# #.#
....g.....##.###.####
##.##.#@#.##..##.#..
.......S#........#.#
.##.#.#.#)##.###.#.#####
.?.#...##.# #.......#
#..)...#.##.# ##<......
...[..#.#....# #..###.#
.#........##.. ...#
#b#.##.#.##.#.###.# . ..
........ # .#


You could see a gnoll, an adder and a bat (wandering).

Vanquished Creatures
  2 dart slugs (D:1)
  2 bats (D:1)
  2 endoplasms (D:1)
  A goblin (D:2)
  5 hobgoblins
  2 quokkas (D:1)
  3 ball pythons (D:1)
  5 kobolds (D:1)
  2 rats (D:1)
24 creatures vanquished.

Notes
Turn   | Place    | Note
-------+----------+-------------------------------------------
     0 | D:1      | DemonSlayer the Demonspawn Earth Elementalist began the
                  | quest for the Orb.
     0 | D:1      | Reached XP level 1. HP: 13/13 MP: 3/3
   125 | D:1      | Gained mutation: You are partially covered in sharp spines.
                  | [demonic ancestry]
   125 | D:1      | Reached XP level 2. HP: 19/19 MP: 1/5
   196 | D:1      | Reached skill level 3 in Earth Magic
   654 | D:1      | Learned a level 2 spell: Passwall
   677 | D:2      | Reached XP level 3. HP: 24/24 MP: 6/6
   688 | D:2      | HP: 1/24 [poisoned by an adder]
   689 | D:2      | Succumbed to an adder's poison

Illustrated notes

Levels and vault maps discovered:
D:1:      amcnicky_arrival_underground_garden, layout_rooms,
          corexii_corridor_pit
D:2:      layout_loops_ring, serial_shops, shop, basic_ecumenical_altar,
          minmay_diced_spiral, uniq_natasha

Skill      XL: |  1  2 |
---------------+-------+-----
Dodging        | 2 |  2.0
Earth Magic    | 3 |  3.2
Stealth        | 2 |  2.0
Spellcasting   | |  2.5
Transmutations | |  0.8

Action                     || total
---------------------------++-------
  Melee: Unarmed           ||     1
         Dagger            ||     8
   Cast: Sandblast         ||    31
    Use: Scroll            ||     4
 Armour: Robe              ||     5
  Dodge: Dodged            ||    17
